 Dungeon Crawl Stone Soup version 0.30-a0-123-g91d0c66 (webtiles) character file.

Game seed: 8707909521072121869

18 Nithhogg the Trooper (level 2, -4/27 HPs)
             Began as a Hill Orc Fighter on Sept 17, 2022.
             Slain by Terence
             ... wielding a +3 hand axe
              (5 damage)
             ... on level 2 of the Dungeon.
             The game lasted 00:01:52 (1173 turns).

Nithhogg the Trooper (Hill Orc Fighter)             Turns: 1173, Time: 00:01:53

Health: -4/27      AC:  6    Str: 18    XL:     2   Next: 70%
Magic:  2/2        EV:  6    Int:  8    God:
Gold:   71         SH:  0    Dex: 10    Spells: 1/1 levels left

rFire   . . .      SeeInvis .    a - +0 war axe
rCold   . . .      Faith    .    (no shield)
rNeg    . . .      Spirit   .    b - +0 scale mail
rPois   .          Reflect  .    (no helmet)
rElec   .          Harm     .    (no cloak)
rCorr   .          Rampage  .    (no gloves)
Will    .....                    (no boots)
Stlth   ..........               (no amulet)
HPRegen 0.09/turn                (no ring)
MPRegen 0.08/turn                (no ring)

@: grasped by roots, constricted
A: no striking features
a: no special abilities


You were on level 2 of the Dungeon.
You visited 1 branch of the dungeon, and saw 2 of its levels.

You collected 71 gold pieces.

Inventory:

Hand Weapons
 a - a +0 war axe (weapon)
Armour
 b - a +0 scale mail (worn)
 c - a +0 buckler
Scrolls
 h - 4 scrolls of identify {unknown}
 i - a scroll of acquirement {unknown}
 j - a scroll of vulnerability {unknown}
Potions
 d - a potion of might
 f - a potion of lignification {unknown}
 g - a potion of berserk rage {unknown}


   Skills:
 + Level 3.9 Fighting
 + Level 3.2 Axes
 + Level 3.6 Armour
 + Level 0.6 Dodging
 - Level 3.2 Shields


You had one spell level left.
You didn't know any spells.
Your spell library was empty.

Dungeon Overview and Level Annotations

Branches:
Dungeon (2/15)

Altars:

Annotations:
D:2 Terence


Message History

You barely miss the endoplasm. The endoplasm freezes you.
You are frozen.
You hit the endoplasm but do no damage.
A goblin comes into view. It is wielding a +0 dagger.
The endoplasm hits you but does no damage.
The endoplasm barely misses you.
The goblin shouts!
You hit the endoplasm.
The endoplasm is almost dead.
You hear a shout!
The endoplasm freezes you.
You are frozen.
You slash the endoplasm!
You kill the endoplasm!
The goblin closely misses you.
A goblin is nearby!
You slash the goblin!
You kill the goblin!
Terence the Incautious comes into view.
He is wielding a +3 hand axe and carrying a wand of roots (5).
Terence shouts!
You see here a +0 dagger.
Terence zaps a wand.
The roots erupt in riotous growth!
The grasping roots grab you! The grasping roots constrict you.
You escape the roots grasp.
Terence hits you with a +3 hand axe.
You hit Terence but do no damage.
Terence zaps a wand.
The roots erupt in riotous growth!
The grasping roots grab you!
Terence is unaffected.
The grasping roots constrict you.
You hit Terence.
Terence is lightly wounded.
A rat comes into view.
Terence hits you with a +3 hand axe!
* * * LOW HITPOINT WARNING * * *
The grasping roots constrict you.
* * * LOW HITPOINT WARNING * * *
It was a potion of cancellation.
You feel magically purged. Terence hits you with a +3 hand axe.
You die...

.. #..... #.
#.... #.. #....
#...#...#
##...#...# ..
.........##....
..r....@.......
#...##@###.#..
#.............
#....#.#####..
#....#)#
#....#.#
#....#.#####.#
####.#...$...#
#.#)####### #
#.#.#


You could see Terence and a rat.

Vanquished Creatures
  An endoplasm (D:2)
  2 giant cockroaches (D:1)
  2 hobgoblins (D:1)
  A quokka (D:1)
  2 ball pythons (D:1)
  4 bats (D:1)
  2 frilled lizards (D:1)
  A goblin (D:2)
  3 kobolds
18 creatures vanquished.

Notes
Turn   | Place    | Note
-------+----------+-------------------------------------------
     0 | D:1      | Nithhogg the Hill Orc Fighter began the quest for the Orb.
     0 | D:1      | Reached XP level 1. HP: 19/19 MP: 1/1
   340 | D:1      | Reached XP level 2. HP: 27/27 MP: 2/2
   931 | D:1      | Found a faded altar of an unknown god.
  1166 | D:2      | Noticed Terence
  1172 | D:2      | HP: 1/27 [constriction (1)]
  1173 | D:2      | Slain by Terence

Illustrated notes

Levels and vault maps discovered:
D:1:      lemuel_arrival_lava_pool, layout_basic,
          chequers_ecumenical_altar_twisty
D:2:      layout_basic, uniq_sigmund, uniq_terence

Skill      XL: |  1 |
---------------+----+-----
Axes           | 3 |  3.2
Fighting       | |  3.9
Armour         | |  3.6
Dodging        | |  0.6
Shields        | |  3.2

Action                   || total
-------------------------++-------
Melee: War axe           ||    42
  Use: Potion            ||     1
Armor: Scale mail        ||    31
Dodge: Dodged            ||    32

Table legend: (Time is in decaauts)
 A = Elapsed time spent in this place.
 B = Non-inter-level travel time spent in this place.
 C = Inter-level travel time spent in this place.
 D = Time resting spent in this place.
 E = Time spent auto-exploring this place.
 F = Levels seen in this place.
 G = Mean time per level.
                   A        B        C        D        E       F      G
               +--------+--------+--------+--------+--------+-----+--------+
         Total |   1187 |   1163 |     24 |      0 |   1040 |   2 |  593.5 |
       Dungeon |   1187 |   1163 |     24 |      0 |   1040 |   2 |  593.5 |
               +--------+--------+--------+--------+--------+-----+--------+

Top non-repeatable levels by time:
     D:1: 1163 daAuts
     D:2: 24 daAuts
